 Dungeon Crawl Stone Soup version 0.17.2-1-ge4368a0 (webtiles) character file.

1556 jacquesderrida the Ruffian (level 8, -8/44 HPs)
             Began as a Vine Stalker Wanderer on Sept 28, 2016.
             Was a Believer of Cheibriados.
             Mangled by an ogre
             ... wielding a +0 giant club
              (17 damage)
             ... on level 6 of the Dungeon.
             The game lasted 00:09:15 (1631 turns).

jacquesderrida the Ruffian (Vine Stalker Wanderer)  Turns: 1631, Time: 00:09:16

Health: -8/44      AC:  9    Str: 20    XL:     8   Next: 88%
Magic:  0/10       EV:  8    Int: 19    God:    Cheibriados [**....]
Gold:   232        SH:  0    Dex: 19    Spells: 0 memorised, 9 levels left

rFire  . . .     SeeInvis .       - Unarmed
rCold  . . .     Clarity  .     l - +0 chain mail
rNeg   . . .     SustAt   .     (no shield)
rPois  .         Gourm    .     (no helmet)
rElec  .         Spirit   +     (no cloak)
rCorr  .         Warding  .     (no gloves)
rMut   +         Stasis   .     m - +0 pair of boots
MR     +....                    r - amulet of resist mutation
Stlth  ..........               (no ring)
                                (no ring)

@: exhausted, slowed, very slow, somewhat resistant to hostile enchantments,
extremely unstealthy
A: fangs 3, regeneration 2, magic shield, antimagic bite, no device heal 3, rot
immunity
a: Bend Time, Renounce Religion


You were on level 6 of the Dungeon.
You worshipped Cheibriados.
Cheibriados was pleased with you.
You were hungry.

You visited 2 branches of the dungeon, and saw 7 of its levels.
You also visited: Sewer.

You collected 232 gold pieces.

Inventory:

Hand Weapons
 a - a +2 short sword
Armour
 d - a +0 robe
 l - a +0 chain mail (worn)
 m - a +0 pair of boots (worn)
Jewellery
 r - an amulet of resist mutation (around neck)
Wands
 k - a wand of cold (0)
 o - a wand of cold (8)
 u - a wand of magic darts (26)
Scrolls
 b - 2 scrolls of teleportation
 f - 2 scrolls of remove curse
 i - a scroll of fear
 p - a scroll of brand weapon {unknown}
Potions
 v - a potion of ambrosia {unknown}
Books
 c - the Guide on Orientation

   Spells                             Type                      Level
   a - Apportation                    Translocation                1
   b - Blink                          Translocation                2
 g - a book of Power

   Spells                             Type                      Level
   a - Fulminant Prism                Conjuration/Hexes            4
   b - Iskenderun's Mystic Blast      Conjuration                  4
   c - Venom Bolt                     Conjuration/Poison           5
   d - Bolt of Magma                  Conjuration/Fire/Earth       5
   e - Iron Shot                      Conjuration/Earth            6
   f - Orb of Destruction             Conjuration                  7
   g - Spellforged Servitor           Conjuration/Summoning        7
Comestibles
 e - 2 bread rations
 h - a meat ration
 j - a chunk of flesh
 n - a slice of pizza


   Skills:
 + Level 5.7 Fighting
 - Level 1.7 Short Blades
 - Level 1.0 Throwing
 + Level 1.9 Dodging
 - Level 1.2 Stealth
 + Level 7.9 Unarmed Combat
 - Level 1.1 Spellcasting
   Level 4.0 Translocations
 + Level 2.3 Invocations


You had 9 spell levels left.
You didn't know any spells.

Dungeon Overview and Level Annotations

Branches:
Dungeon (6/15)             Temple (1/1) D:4

Altars:
Cheibriados
Fedhas
Gozag
Makhleb
Nemelex Xobeh
Okawaru
Ru
Sif Muna
Vehumet
Xom
Zin
The Shining One


Innate Abilities, Weirdness & Mutations

You have razor-sharp teeth.
You heal very quickly.
When hurt, damage is shared between your health and your magic reserves.
Your bite disrupts and absorbs the magic of your enemies.
Potions and wands cannot restore your health.
You are immune to rotting.


Message History

You hit the ogre. You bite the ogre! You drain its power.
You feel invigorated.
The ogre is moderately wounded.
The ogre hits you with a giant club!
Your chain mail prevents you from hitting the ogre.
You bite the ogre, but do no damage.
The ogre is moderately wounded.
You barely miss the ogre. Your bite misses the ogre.
The ogre is moderately wounded.
The ogre hits you with a giant club. The ogre hits you with a giant club!
You punch the ogre! You bite the ogre. You drain its power.
You feel invigorated.
The ogre is severely wounded.
The ogre hits you with a giant club!
* * * LOW HITPOINT WARNING * * *
You are too injured to fight recklessly!
You are too injured to fight recklessly!
You hit the ogre. Your bite misses the ogre.
The ogre is almost dead.
The ogre hits you with a giant club!!
You die...

... ..# #l#
#.# #.# #W#
#.#
###.##.#####
.......loO@.#
........###.#
######### #.#
#.# ### #.#
#.. #.# #.#
#.# #.# #.#
#.# #.# #.# #


You could see an ogre, an iguana and an orc.

Vanquished Creatures
  The ghost of Goblin1989 the Cudgeler, a novice KoBe of Trog (D:6)
  The ghost of Goblin1989 the Insei, an amateur DsTm (D:3)
  The ghost of jacquesderrida the Ruffian, an amateur VSWn (D:4)
  Purgy (Sewer)
  A sky beast (D:5)
  A phantom (D:6)
  The ghost of Goblin1989 the Ruffian, an amateur DrTm (Sewer)
  2 ogres
  A scorpion (D:5)
  A centaur zombie (D:4)
  2 iguanas (D:4)
  3 hounds
  An orc wizard (D:6)
  2 worker ants
  A worker ant zombie (D:3)
  A river rat (D:3)
  5 adders
  An ooze (D:4)
  An adder skeleton (D:4)
  An adder zombie (D:6)
  3 worms
  3 giant geckos
  11 orcs
  A ball python (D:3)
  A goblin (D:3)
  4 hobgoblins
  3 kobolds
  A quokka (D:4)
  8 bats
  2 giant newts
  6 rats
72 creatures vanquished.

Notes
Turn   | Place    | Note
--------------------------------------------------------------
     0 | D:1      | jacquesderrida the Vine Stalker Wanderer began the quest for the Orb.
     0 | D:1      | jacquesderrida set off with: a +2 short sword, a scroll of teleportation, the Guide on Orientation, a +0 robe, a bread ration
     0 | D:1      | Reached XP level 1. HP: 10/10 MP: 3/3
   116 | D:2      | Reached XP level 2. HP: 11/14 MP: 2/4
   132 | D:2      | Reached skill level 1 in Unarmed Combat
   257 | D:3      | Reached XP level 3. HP: 8/18 MP: 3/5
   533 | D:3      | Noticed Goblin1989's ghost (amateur DsTm)
   584 | D:4      | Reached XP level 4. HP: 21/23 MP: 6/6
   597 | D:4      | Found a staircase to the Ecumenical Temple.
   602 | Temple   | Entered the Ecumenical Temple
   622 | Temple   | Became a worshipper of Cheibriados the Contemplative
   644 | D:4      | Identified the Guide on Orientation
   650 | D:4      | Noticed jacquesderrida's ghost (amateur VSWn)
   690 | D:4      | Reached XP level 5. HP: 18/27 MP: 5/7
   739 | D:3      | Killed Goblin1989's ghost
   739 | D:3      | Gained mutation: You heal very quickly. [Vine Stalker growth]
   739 | D:3      | Reached XP level 6. HP: 9/32 MP: 3/8
   759 | D:3      | Found a glowing drain.
   791 | Sewer    | Entered a sewer
   791 | Sewer    | Noticed Goblin1989's ghost (amateur DrTm)
   812 | Sewer    | Killed Goblin1989's ghost
   812 | Sewer    | Reached skill level 5 in Unarmed Combat
   823 | Sewer    | Reached * piety under Cheibriados
   838 | Sewer    | Noticed Purgy
   872 | Sewer    | Killed Purgy
   872 | Sewer    | Reached XP level 7. HP: 35/37 MP: 9/9
  1009 | D:4      | Killed jacquesderrida's ghost
  1040 | D:5      | Entered Level 5 of the Dungeon
  1085 | D:4      | Noticed an ogre
  1093 | D:4      | Killed an ogre
  1093 | D:4      | Reached skill level 6 in Unarmed Combat
  1353 | D:5      | Found a blossoming altar of Fedhas.
  1363 | D:5      | Found an iron altar of Okawaru.
  1363 | D:5      | Found a sparkling altar of Nemelex Xobeh.
  1363 | D:5      | Found a glowing silver altar of Zin.
  1409 | D:5      | Reached ** piety under Cheibriados
  1409 | D:5      | Gained mutation: You have razor-sharp teeth. [Vine Stalker growth]
  1409 | D:5      | Reached XP level 8. HP: 18/42 MP: 10/10
  1415 | D:5      | Reached skill level 7 in Unarmed Combat
  1427 | D:5      | Reached skill level 5 in Fighting
  1519 | D:6      | Found a radiant altar of Vehumet.
  1595 | D:6      | Noticed Goblin1989's ghost (novice KoBe)
  1602 | D:6      | Reached skill level 1 in Invocations
  1612 | D:6      | Killed Goblin1989's ghost
  1612 | D:6      | Reached skill level 1 in Dodging
  1631 | D:6      | Mangled by an ogre

Action                   |  1- 3 |  4- 6 |  7- 9 || total
-------------------------+-------+-------+-------++-------
Melee: Short sword       |    95 |   110 |    41 ||   246
       Unarmed           |       |       |   141 ||   141
Evoke: Wand              |       |     5 |       ||     5
  Use: Scroll            |     3 |     2 |     1 ||     6
       Potion            |       |       |     1 ||     1
 Stab: Sleeping          |     1 |       |       ||     1
  Eat: Chunk             |       |       |     2 ||     2
